 Dungeon Crawl Stone Soup version 0.28.0-53-g5a82cb258f (webtiles) character file.

Game seed: 4159089678726397870

707 Sin92 the Skirmisher (level 7, -2/55 HPs)
             Began as a Demonspawn Fighter on June 25, 2022.
             Was an Initiate of Okawaru.
             Slain by an orc warrior
             ... wielding a +0 trident
              (16 damage)
             ... on level 6 of the Dungeon on June 26, 2022.
             The game lasted 00:05:24 (4104 turns).

Sin92 the Skirmisher (Demonspawn Fighter)           Turns: 4104, Time: 00:05:24

Health: -2/55      AC: 10    Str: 18    XL:     7   Next: 40%
Magic:  7/7        EV: 10    Int: 10    God:    Okawaru [......]
Gold:   234        SH:  5    Dex: 12    Spells: 6/6 levels left

rFire   . . .      SeeInvis .   g - +3 hand axe (elec)
rCold   . . .      Faith    .   c - +0 buckler
rNeg    . . .      Spirit   .   b - +0 scale mail
rPois   +          Reflect  .   u - +2 hat
rElec   .          Harm     .   m - +0 cloak
rCorr   .          Rampage  .   (no gloves)
Will    .....                   (no boots)
Stlth   ..........              (no amulet)
HPRegen 0.18/turn               q - ring of flight
MPRegen 0.10/turn               s - ring of poison resistance

@: flying
A: (demonic guardian 2), powered by death 2, weakness stinger 1
a: Renounce Religion


You were on level 6 of the Dungeon.
You worshipped Okawaru.
Okawaru was noncommittal.
You visited 2 branches of the dungeon, and saw 7 of its levels.

You collected 234 gold pieces.

Inventory:

Hand Weapons
 a - a +0 flail
 g - a +3 hand axe of electrocution (weapon)
Armour
 b - a +0 scale mail (worn)
 c - a +0 buckler (worn)
 l - a +2 helmet
 m - a +0 cloak (worn)
 u - a +2 hat (worn)
Jewellery
 h - a ring of magical power
 q - a ring of flight (left hand)
 s - a ring of poison resistance (right hand)
Scrolls
 d - a scroll of blinking
 e - 4 scrolls of identify
 p - a scroll of immolation
Potions
 f - a potion of might
 i - a potion of lignification
 j - a potion of heal wounds {unknown}
 k - 2 potions of cancellation {unknown}
 n - 2 potions of berserk rage {unknown}
 o - a potion of haste {unknown}
 t - a potion of curing {unknown}


   Skills:
 + Level 4.5 Fighting
 * Level 4.0(4.2) Axes
 - Level 1.9(3.2) Maces & Flails
 + Level 4.0 Armour
 + Level 2.7 Dodging
 + Level 4.0 Shields


You had 6 spell levels left.
You didn't know any spells.
Your spell library contained the following spells:

 Spells                   Type           Power      Damage    Failure   Level
 Freeze                   Ice            0%         1d3       83%         1
 Frozen Ramparts          Ice            0%         1d2       99%         3
 Ignite Poison            Fire/Tmut/Pois 0%         N/A       99%         3
 Mephitic Cloud           Conj/Pois/Air  0%         N/A       99%         3
 Hailstorm                Conj/Ice       0%         3d3       100%        4
 Freezing Cloud           Conj/Ice/Air   0%         6-21      100%        5


Dungeon Overview and Level Annotations

Branches:
Dungeon (6/15)             Temple (1/1) D:5

Altars:
Ashenzari
Cheibriados
Dithmenos
Elyvilon
Fedhas
Gozag
Hepliaklqana
Kikubaaqudgha
Makhleb
Nemelex Xobeh
Okawaru
Qazlal
Ru
Sif Muna
Trog
Xom
Yredelemnul
The Shining One

Annotations:
D:6 3 runed translucent doors, Kranky's ghost, novice OpFi; Valamore's ghost, novice DjEE


Innate Abilities, Weirdness & Mutations

((A demonic guardian rushes to your aid.))
You regenerate health from kills.
You have a small tail.


Message History

The orc priest is moderately wounded.
The orc priest hits you but does no damage.
You block the orc warrior's attack.
Unknown command.
You barely miss the orc priest.
You tail-slap the orc priest, but do no damage.
The orc priest is moderately wounded.
The orc priest hits you but does no damage.
The orc warrior hits you from afar with a +0 trident!
You completely miss the orc priest.
The orc priest is moderately wounded.
You block the orc priest's attack.
The orc warrior hits you but does no damage.
Unknown command.
You closely miss the orc priest.
The orc priest is moderately wounded.
The orc priest invokes the aid of Beogh against you.
Beogh smites you! You block the orc warrior's attack.
The orc priest hits you with a +0 club.
Unknown command.
You are too injured to fight recklessly!
You hit the orc priest.
The orc priest is severely wounded.
The orc warrior hits you but does no damage.
The orc priest hits you but does no damage.
The orc warrior closely misses you.
You hit the orc priest.
You kill the orc priest!
Okawaru accepts your kill. The orc warrior closely misses you.
Your Axes skill increases to level 4!
Your Armour skill increases to level 4!
You block the orc warrior's attack.
You see here a +0 club.
You barely miss the orc warrior.
You tail-slap the orc warrior, but do no damage.
The orc warrior hits you with a +0 trident!
* * * LOW HITPOINT WARNING * * *
You barely miss the orc warrior.
Your tail-slap misses the orc warrior.
The orc warrior hits you with a +0 trident!
You die...

......# ... #.##.#†.#
.#.#### ...
###.##.#..# ...# ..
#....<....# ##.#
#.#.......# #.#
#.####..### ##.# #.#
...# #..# #.# .##.#
#.## #.##.##.# #.#
###########@o(....#
#.#
#.........)###.####
#.# #.##.##........#
#.####.##.##.##.#####
#.........##.##.#
######.##....##.#
#.##.##.##.#
#..........#
############


You could see an orc warrior.

Vanquished Creatures
  An ogre (D:5)
  A water moccasin zombie (D:5)
  3 hounds
  2 orc priests
  Crazy Yiuf (D:4)
  2 bullfrog skeletons (D:5)
  7 iguanas
  Robin (D:3)
  3 adders
  A white imp (D:3)
  2 worms (D:2)
  A dart slug (D:1)
  5 orcs
  7 ball pythons
  6 bats
  7 endoplasms
  7 giant cockroaches
  6 hobgoblins
  4 jackals (D:3)
  6 quokkas
  7 frilled lizards
  12 goblins
  7 kobolds
  A rat (D:2)
100 creatures vanquished.

Vanquished Creatures (collateral kills)
  An adder skeleton (D:4)
  A giant cockroach (D:4)
2 creatures vanquished.

Grand Total: 102 creatures vanquished

Notes
Turn   | Place    | Note
-------+----------+-------------------------------------------
     0 | D:1      | Sin92 the Demonspawn Fighter began the quest for the Orb.
     0 | D:1      | Reached XP level 1. HP: 18/18 MP: 1/1
   312 | D:1      | Gained mutation: You regenerate a little health from kills.
                  | [demonic ancestry]
   312 | D:1      | Reached XP level 2. HP: 24/24 MP: 2/2
   747 | D:2      | Reached XP level 3. HP: 29/29 MP: 3/3
   781 | D:2      | Reached skill level 1 in Axes
   852 | D:2      | Reached skill level 1 in Dodging
  1304 | D:3      | Noticed Robin
  1311 | D:3      | Gained mutation: You have a small tail. [demonic ancestry]
  1311 | D:3      | Reached XP level 4. HP: 12/35 MP: 4/4
  1314 | D:3      | Killed Robin
  1874 | D:4      | Noticed Crazy Yiuf
  1874 | D:4      | Found a runed translucent door.
  1879 | D:4      | Killed Crazy Yiuf
  1880 | D:4      | Gained mutation: A weak demonic guardian rushes to your
                  | aid. [demonic ancestry]
  1880 | D:4      | Reached XP level 5. HP: 41/41 MP: 5/5
  2218 | D:4      | Noticed an air elemental
  2219 | D:4      | Found a stormy altar of Qazlal.
  2228 | D:4      | Noticed a fire elemental
  2245 | D:4      | Gained mutation: A demonic guardian rushes to your aid.
                  | [demonic ancestry]
  2245 | D:4      | Reached XP level 6. HP: 47/48 MP: 6/6
  2649 | D:4      | Noticed a water elemental
  2691 | D:5      | Entered Level 5 of the Dungeon
  2760 | D:5      | Found a staircase to the Ecumenical Temple.
  2789 | Temple   | Entered the Ecumenical Temple
  3013 | Temple   | Became a worshipper of Warmaster Okawaru
  3275 | D:5      | Gained mutation: You regenerate health from kills. [demonic
                  | ancestry]
  3275 | D:5      | Reached XP level 7. HP: 46/54 MP: 7/7
  3429 | D:5      | Found a shimmering blue altar of Sif Muna.
  4056 | D:6      | Found a runed translucent gate.
  4056 | D:6      | Found a runed translucent gate.
  4056 | D:6      | Found a runed translucent gate.
  4056 | D:6      | Noticed Kranky's ghost (novice OpFi)
  4056 | D:6      | Noticed Valamore's ghost (novice DjEE)
  4104 | D:6      | Slain by an orc warrior

Illustrated notes

Levels and vault maps discovered:
D:1:      moated_graveyard_arrival, layout_basic, nrook_loot_triangle
D:2:      layout_loops_cross
D:3:      layout_basic, grunt_decor_one_mirror, uniq_robin
D:4:      layout_loops_cross, nicolae_qazlal_style_of_elements,
          hangedman_decor_points, uniq_crazy_yiuf_cottage
D:5:      layout_loops_ring, marbit_many_paths,
          minmay_temple_entry_statues_pillars, dk_rats_in_the_wall
D:6:      layout_loops_cross, gammafunk_ghost_cemetery, fountainhead
Temple:   regret_index_temple_sphere_string

Skill      XL: |  1  2  3  4  5  6  7 |
---------------+----------------------+-----
Axes           | 1 2 3 4 |  4.0
Armour         | 3 4 |  4.0
Dodging        | 1 2 |  2.7
Shields        | 3 4 |  4.0
Fighting       | 4 |  4.5
Maces & Flails | |  1.9

Action                   |  1- 3 |  4- 6 |  7- 9 || total
-------------------------+-------+-------+-------++-------
Melee: Flail             |    15 |       |       ||    15
       Hand axe          |    66 |   118 |    34 ||   218
       Tailslap          |       |    12 |     3 ||    15
  Use: Scroll            |     3 |       |     3 ||     6
       Potion            |       |     1 |       ||     1
Armor: Scale mail        |    33 |    50 |    10 ||    93
Dodge: Dodged            |    27 |    62 |    10 ||    99
Block: Buckler           |    13 |    19 |    14 ||    46
